Map: Acid Plant LE

Players

SPIRYTOFDEAD - Winner!

  • Race: Terran Terran
  • League: Gold
  • Spawn Location: 11:00

CinDra

  • Race: Zerg Zerg
  • League: Gold
  • Spawn Location: 5:00

VOD

Have the link to the VOD?

Description

Time

  • Played on: March 7, 2018, 10:42 p.m.
  • Length: 8:02
Show
View Real Time Build Order
Export as new Build Order

SPIRYTOFDEAD Terran - Winner!

Build Orders:  

Get SALT Encoding   

  12  0:02  SCV  
  13  0:14  SCV  
  14  0:23  Supply Depot  
  14  0:26  SCV  
  15  0:33  Refinery  
  15  0:47  Barracks  
  15  0:49  SCV  
  16  0:54  Supply Depot  
  16  1:01  SCV  
  17  1:12  Barracks  
  17  1:30  SCV  
  18  1:34  Marine  
  19  1:40  Refinery  
  19  1:44  SCV  
  20  1:52  Marine  
  21  1:58  SCV  
  22  2:01  Barracks Tech Lab  
  22  2:02  Factory  
  22  2:10  Marine  
  23  2:16  Orbital Command  
  23  2:23  Marine  
  23  2:27  Marine  
  23  2:29  Stimpack  
  25  2:42  SCV  
  26  2:47  Starport  
  26  2:50  Factory Tech Lab  
  26  3:01  Marine  
  26  3:03  SCV  
  26  3:04  Barracks Reactor  
  28  3:19  Marine  
  29  3:25  SCV  
  30  3:27  Starport Tech Lab  
  30  3:30  Supply Depot  
  30  3:37  Marine  
  31  3:52  Medivac, SCV, Siege Tank  
  31  3:53  Supply Depot  
  31  3:54  Marine  
  38  3:56  Marine  
  39  4:14  Marine  
  39  4:15  SCV  
  41  4:17  Marine x2  
  41  4:22  Medivac  
  45  4:25  Command Center  
  47  4:31  Widow Mine  
  47  4:43  Supply Depot  
  45  5:04  Marauder  
  45  5:06  Supply Depot  
  47  5:13  Supply Depot  
  47  5:27  Medivac, SCV, Siege Tank, Marine x2  
  55  5:34  Marine  
  56  5:41  Engineering Bay  
  56  5:45  Marine x2  
  56  5:48  Supply Depot  
  58  5:57  Medivac  
  58  6:00  Siege Tank  
  61  6:22  Marine x2  
  63  6:27  Medivac  
  63  6:32  Siege Tank  
  67  7:02  Marine x2  
  67  7:03  Medivac  
  67  7:04  Siege Tank  
  74  7:13  Marine  
  69  7:20  Marine  
  67  7:33  Marine x2  
Show
View Real Time Build Order
Export as new Build Order

CinDra Zerg 

Build Orders: Hatch First 

Get SALT Encoding   

  12  0:00  Drone  
  13  0:12  Overlord  
  13  0:17  Drone  
  14  0:30  Drone x2  
  16  0:36  Drone  
  17  0:55  Hatchery, Drone  
  17  1:02  Drone  
  18  1:05  Extractor  
  17  1:15  Spawning Pool  
  16  1:19  Drone  
  16  1:21  Drone  
  18  1:29  Drone  
  19  1:38  Overlord  
  19  1:49  Drone  
  20  2:04  Zergling x2  
  20  2:05  Queen  
  23  2:11  Metabolic Boost  
  23  2:12  Queen  
  23  2:13  Zergling x4  
  27  2:20  Drone  
  28  2:27  Drone  
  28  2:28  Overlord  
  29  2:43  Drone x2  
  31  2:47  Queen  
  31  2:49  Queen  
  35  2:51  Drone  
  36  3:18  Baneling Nest  
  35  3:30  Hatchery  
  35  3:31  Drone x2  
  35  3:32  Overlord x3  
  36  3:57  Zergling x22  
  47  4:08  Zergling x2  
  47  4:09  Zergling x2  
  49  4:11  Baneling x5  
  49  4:22  Extractor  
  48  4:25  Extractor x2  
  48  4:26  Drone  
  48  4:27  Drone x6  
  39  5:07  Drone  
  39  5:08  Drone x4  
  39  5:09  Zergling x2  
  39  5:10  Zergling x16  
  39  5:12  Overlord  
  53  5:16  Lair  
  53  5:33  Drone x10  
  63  5:59  Drone  
  63  6:00  Drone x9  
  63  6:01  Overlord  
  73  6:08  Hatchery  
  68  6:16  Zergling x2  
  68  6:17  Zergling x14  
  62  6:31  Zergling x2  
  62  6:32  Zergling x4  
  65  6:38  Zergling x4  
  65  6:39  Zergling x10  
  68  6:48  Zergling x2  
  68  6:52  Baneling  
  56  7:05  Zergling x2  
  56  7:06  Zergling x2  
  56  7:07  Zergling x2  
  41  7:18  Queen x2  
  41  7:21  Zergling x10  
  45  7:39  Spore Crawler  
  44  7:45  Spore Crawler  
Tags
 
League
GoldGold
Matchup
TvZ
Spawn Locations
Cross Positions
Add a new tag
Caveats
  • Supply blocks, unpowered buildings, or Contaminate may cause inaccurate times.
  • Supply counts are checked every 10 seconds.